 Dungeon Crawl Stone Soup version 0.30-a0-576-g89cddaab80 (webtiles) character file.

Game seed: 13517438656673768286

675 jfcaron the Severer (level 7, -6/54 (59) HPs)
             Began as a Hill Orc Hunter on Dec 30, 2022.
             Was an Initiate of Qazlal.
             Killed by nerve-wracking pain
             ... invoked by an orc priest
              (14 damage)
             ... on level 3 of the Dungeon.
             The game lasted 00:10:49 (4473 turns).

jfcaron the Severer (Hill Orc Hunter)               Turns: 4473, Time: 00:10:49

HP:   -6/54 (59)    AC: 11    Str: 16    XL:     7   Next: 59%
MP:   7/7           EV:  7    Int:  9    God:    Qazlal [......]
Gold: 146           SH:  0    Dex: 14    Spells: 6/6 levels left

rFire   . . .      SeeInvis .    a - +0 shortbow
rCold   . . .      Faith    .    (shield currently unavailable)
rNeg    . . .      Spirit   .    l - +1 chain mail
rPois   .          Reflect  .    (no helmet)
rElec   .          Harm     .    (no cloak)
rCorr   .          Rampage  .    (no gloves)
Will    .....                    (no boots) Stlth
                                 (no amulet)
HPRegen 0.29/turn                (no ring)
MPRegen 0.10/turn                (no ring)

@: drained
A: no striking features
a: Renounce Religion, Convert to Beogh


You were on level 3 of the Dungeon.
You worshipped Qazlal.
Qazlal was noncommittal.
You visited 2 branches of the dungeon, and saw 5 of its levels.
You also visited: Sewer.

You collected 146 gold pieces.

Inventory:

Hand Weapons
 a - a +0 shortbow (weapon)
 k - a +0 vampiric dagger
   (You took it off a kobold in a sewer)
 q - a +0 dagger of holy wrath
   (You took it off a goblin on level 1 of the Dungeon)
Missiles
 n - 5 poisoned darts
 o - 2 throwing nets {!f}
 p - 4 atropa-tipped darts {!f}
Armour
 l - a +1 chain mail (worn)
Scrolls
 b - 3 scrolls of immolation
 c - a scroll of fear {unknown}
 g - a scroll of torment
 s - 3 scrolls of magic mapping
 w - 2 scrolls of enchant armour
Potions
 e - a potion of haste
 f - 2 potions of magic
 j - 6 potions of heal wounds
 t - 2 potions of invisibility
 u - a potion of might
 z - a potion of mutation {unknown}
 A - 2 potions of cancellation


   Skills:
 + Level 4.0 Fighting
 - Level 15.9 Axes
 - Level 4.0 Ranged Weapons
 + Level 5.6 Armour
 - Level 2.0 Dodging
 - Level 1.0 Stealth
 + Level 0.0 Invocations


You had 6 spell levels left.
You didn't know any spells.
Your spell library contained the following spells:

 Spells                   Type           Power      Damage    Failure   Level
 Freeze                   Ice            0%         1d3       99%         1
 Ensorcelled Hibernation  Hex/Ice        0%         N/A       100%        2
 Frozen Ramparts          Ice            0%         1d1       100%        3
 Hailstorm                Conj/Ice       0%         3d3       100%        3
 Spider Form              Tmut/Pois      0%         N/A       100%        3
 Anguish                  Hex/Necr       0%         N/A       100%        4


Dungeon Overview and Level Annotations

Branches:
Dungeon (4/15)             Temple (1/1) D:4           Sewer (visited)

Altars:
Cheibriados
Dithmenos
Gozag
Hepliaklqana
Makhleb
Nemelex Xobeh
Qazlal
Ru
Trog
Vehumet
Wu Jian
Xom
Yredelemnul


Message History

Fire: a) +0 shortbow
Press: ? - help, Q - select action, (/) - cycle Shift-Dir - straight line, f/p - jackal
Aim: a jackal (moderately wounded, 56% to hit)
You shoot an arrow. The arrow closely misses the jackal.
The orc priest shouts, "Surrender to Beogh and we'll let you live!"
The arrow hits the orc priest but does no damage.
The orc priest is heavily wounded.
The jackal bites you but does no damage. x3
Fire: a) +0 shortbow
Press: ? - help, Q - select action, (/) - cycle Shift-Dir - straight line, f - orc priest, p - jackal
Aim: an orc priest, wielding a +0 whip and wearing a +0 ring mail (heavily wounded, 66% to hit)
You shoot an arrow.
The arrow hits the jackal but does no damage.
The jackal is moderately wounded.
The jackal bites you but does no damage.
The jackal barely misses you.
Fire: a) +0 shortbow
Press: ? - help, Q - select action, (/) - cycle Shift-Dir - straight line, f/p - orc priest
Aim: an orc priest, wielding a +0 whip and wearing a +0 ring mail (heavily wounded, 66% to hit)
You shoot an arrow. The arrow hits the jackal!
You kill the jackal!
Qazlal accepts your kill.
Fire: a) +0 shortbow
Press: ? - help, Q - select action, (/) - cycle Shift-Dir - straight line, f/p - orc priest
Aim: an orc priest, wielding a +0 whip and wearing a +0 ring mail (heavily wounded, 66% to hit)
You shoot an arrow. The arrow barely misses the orc priest.
The orc priest calls down the wrath of Beogh upon you.
Beogh smites you! The orc priest hits you with a +0 whip.
Fire: a) +0 shortbow
Press: ? - help, Q - select action, (/) - cycle Shift-Dir - straight line, f/p - orc priest
Aim: an orc priest, wielding a +0 whip and wearing a +0 ring mail (heavily wounded, 66% to hit)
You shoot an arrow.
The arrow hits the orc priest but does no damage.
The orc priest is heavily wounded.
The orc priest invokes the aid of Beogh against you.
Beogh smites you!
* * * LOW HITPOINT WARNING * * *
The orc priest invokes the aid of Beogh against you.
Pain shoots through your body!
You die...

##################
...............o@#
#....####..##.#####
#....####.###.#...#
..............#.#.#
.....####..####.#.#
####.# #...# #.#.#
#.###...# #.#.#
##.......####.#)#####
#...###.).....#.....#


You could see an orc priest.

Vanquished Creatures
  A black bear (D:4)
  A scorpion (D:4)
  A howler monkey (D:4)
  A jelly (D:4)
  Ijyb (D:3)
  A gnoll (D:4)
  5 adders
  5 river rats (Sewer)
  A dart slug (D:2)
  2 orcs
  12 ball pythons
  6 endoplasms
  6 giant cockroaches
  3 goblins (D:1)
  9 hobgoblins
  2 jackals
  7 quokkas
  3 bats
  5 frilled lizards
  22 kobolds
  34 rats
  15 plants (D:4)
143 creatures vanquished.

Notes
Turn   | Place    | Note
-------+----------+-------------------------------------------
     0 | D:1      | jfcaron the Hill Orc Hunter began the quest for the Orb.
     0 | D:1      | Reached XP level 1. HP: 18/18 MP: 1/1
    93 | D:1      | Reached skill level 1 in Stealth
   134 | D:1      | Reached XP level 2. HP: 25/25 MP: 2/2
   348 | D:1      | Reached skill level 1 in Armour
   391 | D:1      | Reached XP level 3. HP: 30/30 MP: 3/3
   548 | D:1      | Found a faded altar of an unknown god.
   563 | D:1      | Found a faded altar of an unknown god.
  1611 | D:2      | Reached XP level 4. HP: 38/38 MP: 4/4
  2055 | D:3      | Found a glowing drain.
  2075 | Sewer    | Entered a sewer
  2435 | Sewer    | Reached XP level 5. HP: 40/45 MP: 5/5
  3075 | D:3      | Noticed Ijyb
  3093 | D:3      | Killed Ijyb
  3159 | D:3      | Reached skill level 5 in Armour
  3300 | D:3      | Found a sparkling altar of Nemelex Xobeh.
  3723 | D:4      | Reached XP level 6. HP: 33/40 MP: 6/6
  3729 | D:4      | Reached skill level 15 in Axes
  3729 | D:4      | Reached XP level 7. HP: 34/46 MP: 7/7
  3786 | D:4      | Found a staircase to the Ecumenical Temple.
  3800 | Temple   | Entered the Ecumenical Temple
  4083 | D:4      | Found a stormy altar of Qazlal.
  4122 | D:4      | HP: 9/51 [jackal (2)]
  4170 | D:4      | Became a worshipper of Qazlal Stormbringer
  4473 | D:3      | HP: 8/54 [orc priest/divine providence (11)]
  4473 | D:3      | Killed from afar by an orc priest

Illustrated notes

Levels and vault maps discovered:
D:1:      lightli_arrival_quake, layout_loops_corners,
          hellmonk_ecumenical_altar_the_god_not_taken
D:2:      layout_loops_ring, grunt_ministairs_14
D:3:      layout_basic, nemelex_spade_bored_becter,
          cheibrodos_sewer_entry_drain, uniq_ijyb
D:4:      lemuel_castle_with_subvaults [lemuel_castle_interior_original],
          layout_cave_pools, lemuel_blue_sif_altar, mainiacjoe_overflow_catwalk,
          temple_pool_b, serial_bayou, serial_bayou_shore_a,
          serial_bayou_lagoon_b, serial_bayou_shore_b, serial_bayou_shore_b,
          amcnicky_mini_corridor_feature
Temple:   nicolae_temple_ecumenical_triangle

Skill      XL: |  1  2  3  4  5  6  7 |
---------------+----------------------+-----
Stealth        | 1 |  1.0
Armour         | 1 2 3 5 |  5.6
Dodging        | 2 |  2.0
Fighting       | 3 4 |  4.0
Ranged Weapons | 4 |  4.0
Axes           | 15 | 15.9

Action                   |  1- 3 |  4- 6 |  7- 9 || total
-------------------------+-------+-------+-------++-------
Melee: Dagger            |       |    28 |    23 ||    51
 Fire: Shortbow          |   131 |   203 |    71 ||   405
Throw: Dart              |       |       |     4 ||     4
  Use: Scroll            |       |    13 |     1 ||    14
       Potion            |       |     2 |     1 ||     3
 Stab: Invisible         |       |       |     2 ||     2
Armor: Leather armour    |     4 |       |       ||     4
       Chain mail        |    55 |   193 |   105 ||   353
Dodge: Dodged            |    43 |   115 |    52 ||   210

Table legend: (Time is in decaauts)
 A = Elapsed time spent in this place.
 B = Non-inter-level travel time spent in this place.
 C = Inter-level travel time spent in this place.
 D = Time resting spent in this place.
 E = Time spent auto-exploring this place.
 F = Levels seen in this place.
 G = Mean time per level.
                   A        B        C        D        E       F      G
               +--------+--------+--------+--------+--------+-----+--------+
         Total |   4807 |   4616 |    191 |    574 |   2840 |   6 |  801.2 |
       Dungeon |   3706 |   3532 |    174 |    317 |   2429 |   4 |  926.5 |
        Temple |     47 |     30 |     17 |      0 |     22 |   1 |   47.0 |
         Sewer |   1053 |   1053 |      0 |    257 |    388 |   1 | 1053.0 |
               +--------+--------+--------+--------+--------+-----+--------+

Top non-repeatable levels by time:
     D:1: 1176 daAuts
   Sewer: 1053 daAuts
     D:2: 928 daAuts
     D:3: 828 daAuts
     D:4: 772 daAuts
  Temple: 47 daAuts

Table legend:
 A = Kills in this place as a percentage of kills in entire the game.
 B = Kills by you in this place as a percentage of kills by you in the entire game.
 C = Kills by friends in this place as a percentage of kills by friends in the entire game.
 D = Other kills in this place as a percentage of other kills in the entire game.
 E = Experience gained in this place as a percentage of experience gained in the entire game.
 F = Experience gained in this place divided by the number of levels of this place that you have seen.
                   A       B       C       D       E      F
               +-------+-------+-------+-------+-------+----------------------
         Total | 100.0 | 100.0 |   N/A |   N/A | 100.0 | 110.0
       Dungeon |  57.8 |  57.8 |   N/A |   N/A |  76.7 | 126.5
         Sewer |  42.2 |  42.2 |   N/A |   N/A |  23.3 | 154.0
               +-------+-------+-------+-------+-------+----------------------
